 Dungeon Crawl Stone Soup version 0.17-a0-764-gd40c196 (webtiles) character file.

56 Espgualade the Skirmisher (level 3, -2/23 HPs)
             Began as a Tengu Ice Elementalist on Apr 23, 2015.
             Slain by a quokka (3 damage)
             ... on level 2 of the Dungeon.
             The game lasted 00:02:41 (1763 turns).

Espgualade the Skirmisher (Tengu Ice Elementalist)  Turns: 1763, Time: 00:02:41

Health: -2/23      AC:  3    Str:  8    XL:     3   Next: 95%
Magic:  7/7        EV: 12    Int: 16    God:
Gold:   27         SH:  0    Dex: 14    Spells: 2 memorised, 3 levels left

rFire  . . .     SeeInvis .     j - +1 hand axe (freeze)
rCold  . . .     Clarity  .     a - +0 robe
rNeg   . . .     SustAb   .     (no shield)
rPois  .         Gourm    .     e - +0 hat
rElec  .         Spirit   .     k - +0 cloak
rCorr  .         Warding  .     (no gloves)
rMut   .         Stasis   .     (boots unavailable)
MR     .....                    (no amulet)
Stlth  ++........               (no ring)
                                (no ring)

@: about to teleport, not resistant to hostile enchantments, unstealthy
A: beak, talons 3
a: no special abilities


You were on level 2 of the Dungeon.
You were not hungry.

You visited 1 branch of the dungeon, and saw 2 of its levels.

You collected 27 gold pieces.

Inventory:

Hand weapons
 h - a +0 hand crossbow
 j - a +1 hand axe of freezing (weapon)
Armour
 a - a +0 robe (worn)
 e - a +0 hat (worn)
 k - a +0 cloak (worn)
Scrolls
 f - a scroll of enchant armour
 p - a scroll of identify
Books
 b - a book of Frost

   Spells                             Type                      Level
   a - Freeze                         Ice                          1
   b - Throw Frost                    Conjuration/Ice              2
   c - Ozocubu's Armour               Charms/Ice                   3
   d - Throw Icicle                   Conjuration/Ice              4
   e - Summon Ice Beast               Ice/Summoning                4
   f - Condensation Shield            Ice                          4
Comestibles
 c - 2 bread rations
 l - a slice of pizza
 m - a meat ration


   Skills:
 + Level 3.4 Fighting
 - Level 2.1 Dodging
 - Level 2.0 Stealth
 - Level 2.0 Spellcasting
 - Level 1.3 Conjurations
 - Level 2.6 Ice Magic


You had 3 spell levels left.
You knew the following spells:

 Your Spells              Type           Power        Failure   Level  Hunger
a - Freeze                Ice            ##..         10%         1    #......
b - Throw Frost           Conj/Ice       #.....       14%         2    ###....


Dungeon Overview and Level Annotations

Branches:
Dungeon (2/15)

Altars:

Annotations:
D:2 Jessica, Robin


Innate Abilities, Weirdness & Mutations

You have a beak for a mouth.
You have claws for feet.


Message History

f - a scroll of enchant armour The goblin shouts!
The goblin closely misses you. The quokka bites you.
The goblin hits you with a club. Jessica hits you but does no damage.
The goblin completely misses you.
Read which item? (? for menu, Esc to quit)
As you read the scroll labeled LOPAJ NOGEER, it crumbles to dust.
It is a scroll of recharging.
You aren't carrying any rechargeable items.
The goblin hits you with a club. The goblin hits you with a dagger.
The quokka closely misses you. The goblin hits you with a club!
* * * LOW HITPOINT WARNING * * *
Jessica gestures wildly while chanting.
Jessica seems to speed up.
The goblin closely misses you.
There are monsters nearby!
Read which item? (? for menu, Esc to quit)
As you read the scroll labeled IWKUELEWE, it crumbles to dust.
You feel strangely unstable.
It was a scroll of teleportation.
The quokka bites you.
You die...

#.###..<...).# #.
#.##.........# #.
#.##..####.#.###
#.##.##.##..####.#...#
#..g....##..##.......#
#.g................#
#..gg....##......####
#.ggggS..###.........
#..##@##.........#####
#.. #@rg##........# #.
#....:#..###.###
#..#!....#).# #.#
#..#?...?#..# #.#
#..##.(.##..###.#
#..#####.......#
#........#####.#######
#.#.....## #........


You could see Robin, an adder, Jessica, a quokka, a hobgoblin (frenzied) and 7
goblins.

Vanquished Creatures
  Ijyb (D:2)
  A worm (D:2)
  A giant gecko (D:1)
  A ball python (D:1)
  3 giant cockroaches
  6 hobgoblins
  A kobold (D:1)
  2 bats
  3 goblins (D:2)
  5 rats
24 creatures vanquished.

Notes
Turn   | Place    | Note
--------------------------------------------------------------
     0 | D:1      | Espgualade, the Tengu Ice Elementalist, began the quest for the Orb.
     0 | D:1      | Reached XP level 1. HP: 10/10 MP: 4/4
   397 | D:1      | Reached skill level 1 in Fighting
   652 | D:1      | Reached XP level 2. HP: 4/16 MP: 3/6
  1315 | D:1      | Learned a level 2 spell: Throw Frost
  1556 | D:2      | Reached XP level 3. HP: 14/22 MP: 1/7
  1560 | D:2      | Noticed Ijyb
  1571 | D:2      | Killed Ijyb
  1571 | D:2      | Reached skill level 3 in Fighting
  1755 | D:2      | Noticed Jessica
  1755 | D:2      | Noticed Robin
  1762 | D:2      | HP: 1/23 [goblin/club[Robin] (7)]
  1763 | D:2      | Slain by a quokka

Action                   || total
-------------------------++-------
Melee: Unarmed           ||    19
       Hand axe          ||    25
 Cast: Freeze            ||    10
       Throw Frost       ||     3
  Use: Potion            ||     1
       Scroll            ||     5
 Stab: Sleeping          ||     2
  Eat: Chunk             ||     3
